 Dungeon Crawl Stone Soup version 0.30-a0-782-ge64f9170bb (webtiles) character file.

Game seed: 6025006035134033105

14473 Flugkiller the Transmogrifier (level 12, -3/53 (60) HPs)
             Began as a Vine Stalker Air Elementalist on Feb 25, 2023.
             Was an Initiate of Gozag.
             Slain by a spectral orc knight
             ... wielding a +0 bardiche
             ... summoned by Nergalle
              (16 damage)
             ... on level 11 of the Dungeon.
             The game lasted 00:27:57 (14801 turns).

Flugkiller the Transmogrifier (VSAE)               Turns: 14801, Time: 00:27:57

HP:   -3/53 (60)    AC: 11    Str: 13    XL:     12   Next: 16%
MP:   0/26          EV: 13    Int: 17    God:    Gozag
Gold: 1766          SH:  0    Dex: 16    Spells: 9/29 levels left

rFire   . . .      SeeInvis +      - Unarmed
rCold   . . .      Faith    .    (no shield)
rNeg    . . .      Spirit   +    n - +2 robe {rF+}
rPois   +          Reflect  .    s - +2 helmet
rElec   .          Harm     .    (no cloak)
rCorr   .          Rampage  .    v - +0 pair of gloves
Will    ++...                    I - +2 pair of boots
Stlth   ++                       u - amulet of Nawav {+Inv rPois rF- Regen+}
HPRegen 1.88/turn                i - ring of see invisible
MPRegen 0.20/turn                m - ring of willpower

@: heavily drained
A: fangs 3, regeneration 1, magic shield, antimagic bite, no potion heal 2
a: Renounce Religion, Evoke Invisibility, Potion Petition, Call Merchant, Bribe
Branch


You were on level 11 of the Dungeon.
You worshipped Gozag.
Gozag was most pleased with you.
You visited 1 branch of the dungeon, and saw 11 of its levels.
You also visited: Sewer and Bailey.

You collected 2496 gold pieces.
You spent 685 gold pieces at shops.
You paid 45 gold pieces to Gozag.

Inventory:

Hand Weapons
 p - a +1 dagger of electrocution
   (You found it on level 4 of the Dungeon)
 K - a +1 scimitar of flaming
   (You took it off Erica on level 9 of the Dungeon)
 M - a +3 short sword of freezing
   (You took it off a spriggan in a bailey)
Missiles
 l - 2 throwing nets (quivered)
 F - a curare-tipped dart
Armour
 n - a +2 robe of fire resistance (worn)
   (You took it off a wight on level 9 of the Dungeon)
 s - a +2 helmet (worn)
   (You found it on level 5 of the Dungeon)
 v - a +0 pair of gloves (worn)
   (You found it on level 4 of the Dungeon)
 I - a +2 pair of boots (worn)
   (You found it on level 8 of the Dungeon)
 L - a +2 robe of cold resistance
   (You took it off Erica on level 9 of the Dungeon)
Magical Staves
 R - a staff of conjuration
   (You found it on level 8 of the Dungeon)
Jewellery
 i - a ring of see invisible (left hand)
   (You found it on level 5 of the Dungeon)
 m - a ring of willpower (right hand)
   (You found it on level 5 of the Dungeon)
 o - a ring of poison resistance
   (You found it on level 5 of the Dungeon)
 u - the amulet of Nawav (around neck) {+Inv rPois rF- Regen+}
   (You found it on level 8 of the Dungeon)

   [amulet of regeneration]

   rF:        It makes you vulnerable to fire.
   rPois:     It protects you from poison.
   +Inv:      It lets you turn invisible.
   Regen:     It increases your rate of health regeneration.
 P - a ring of willpower
   (You found it on level 11 of the Dungeon)
Wands
 y - a wand of polymorph (6)
   (You took it off Ijyb on level 5 of the Dungeon)
 G - a wand of flame (23)
   (You found it on level 7 of the Dungeon)
 Q - a wand of iceblast (4)
   (You found it on level 11 of the Dungeon)
Scrolls
 c - 2 scrolls of fog
 e - a scroll of torment
 t - 2 scrolls of teleportation
 z - 6 scrolls of blinking
 A - a scroll of fear {unknown}
 B - a scroll of amnesia {unknown}
 D - a scroll of immolation {unknown}
 E - a scroll of butterflies
 J - 3 scrolls of magic mapping
 O - a scroll of poison {unknown}
Potions
 a - a potion of heal wounds {unknown}
 b - 2 potions of invisibility
 d - a potion of might
 f - 2 potions of ambrosia
 g - a potion of degeneration {unknown}
 h - 3 potions of haste
 j - a potion of brilliance
 k - 2 potions of berserk rage
 q - 3 potions of curing
 w - a potion of attraction {unknown}
 x - 3 potions of mutation
 C - a potion of flight {unknown}
 H - 3 potions of cancellation
 N - a potion of magic


   Skills:
 + Level 5.4 Fighting
 - Level 4.0 Short Blades
 - Level 4.0 Dodging
 - Level 2.4 Stealth
 + Level 3.3 Unarmed Combat
 - Level 9.0 Spellcasting
 - Level 8.0 Conjurations
 - Level 10.0 Transmutations
 - Level 8.0 Air Magic


You had 9 spell levels left.
You knew the following spells:

 Your Spells              Type           Power      Damage    Failure   Level
a - Shock                 Conj/Air       100%       1d9       1%          1
b - Static Discharge      Conj/Air       68%        2-5/arc   1%          2
c - Airstrike             Air            17%        2d(3-19)  3%          4
d - Blade Hands           Tmut           20%        N/A       4%          5
i - Irradiate             Conj/Tmut      19%        3d18      6%          5
w - Swiftness             Air            34%        N/A       1%          3

Your spell library contained the following spells:

 Spells                   Type           Power      Damage    Failure   Level
 Beastly Appendage        Tmut           82%        N/A       1%          1
 Sting                    Tmut/Pois      96%        1d7       1%          1
 Passwall                 Tmut/Erth      20%        N/A       1%          2
 Wereblood                Tmut           41%        N/A       1%          2
 Poisonous Vapours        Pois/Air       42%        N/A       2%          2
 Spider Form              Tmut/Pois      24%        N/A       3%          3
 Ignite Poison            Fire/Tmut/Pois 18%        N/A       8%          3
 Apportation              Tloc           14%        N/A       10%         1
 Ensorcelled Hibernation  Hex/Ice        14%        N/A       14%         2
 Flame Wave               Conj/Fire      21%        2d8       19%         4
 Sticky Flame             Conj/Fire      21%        2d4       19%         4
 Inner Flame              Hex/Fire       7%         N/A       28%         3
 Alistair's Intoxication  Tmut/Pois      16%        N/A       32%         5
 Olgreb's Toxic Radiance  Pois           7%         N/A       67%         4
 Dragon Form              Tmut           20%        N/A       78%         7
 Ignition                 Fire           3%         3d4       100%        8


Dungeon Overview and Level Annotations

Branches:
Dungeon (11/15) Zot: 26205  Temple (0/1) D:5           Sewer (visited)
 Bailey (visited)
   Lair: D:8-11         Orc: D:9-12

Altars:
Ashenzari
Fedhas
Gozag
Makhleb
Nemelex Xobeh
Ru
Sif Muna
Trog
Xom
Yredelemnul
The Shining One
Jiyva

Shops:
D:8 *   D:10 *   D:11 *

Annotations:
D:3 exclusion: downstairs
D:11 Nergalle


Innate Abilities, Weirdness & Mutations

You have razor-sharp teeth.
Your natural rate of healing is unusually fast.
When hurt, damage is shared between your health and your magic reserves.
Your bite disrupts and absorbs the magic of your enemies.
Potions cannot restore your health.


Message History

Your hands turn into razor-sharp scythe blades.
Your +0 pair of gloves melds into your body.
The orc wizard shouts!
You hit the orc wizard. Your bite misses the orc wizard.
The orc wizard is moderately wounded.
The orc wizard misses you.
You slash the orc wizard! You bite the orc wizard.
You kill the orc wizard!
You hit the warg. Your bite misses the warg.
The warg is lightly wounded.
The warg pauses to sniff the ground.
The warg barely misses you.
You slash the warg! Your bite misses the warg.
The warg is severely wounded.
The warg misses you.
You closely miss the warg. You bite the warg! You drain its power.
You feel invigorated.
The warg is almost dead.
The warg misses you.
You closely miss the warg. Your bite misses the warg.
The warg is almost dead.
The warg misses you.
You barely miss the warg. You bite the warg. You drain its power.
The warg is almost dead.
The warg bites you but does no damage.
You slice the warg!!
You kill the warg!
A warg comes into view.
Nergalle hits you but does no damage.
Things that are here:
23 gold pieces; a +0 dagger; a +0 robe Unknown command.
The warg howls!
You hit Nergalle. Your bite misses Nergalle.
Nergalle is lightly wounded.
Nergalle hits you with a +0 dagger.
You hit Nergalle. You bite Nergalle, but do no damage.
Nergalle is lightly wounded.
Nergalle casts a spell at you.
Orcish apparitions take form around you.
You slash Nergalle! Your bite misses Nergalle.
Nergalle is moderately wounded.
Nergalle misses you.
You hit Nergalle but do no damage. Your bite misses Nergalle.
Nergalle is moderately wounded.
Nergalle points at you and mumbles some strange words.
Orcish apparitions take form around you.
You hit Nergalle but do no damage.
Nergalle is moderately wounded.
Nergalle barely misses you.
You barely miss Nergalle. You slash Nergalle, but do no damage.
You bite Nergalle.
Nergalle's magic leaks into the air.
You drain her magic.
Nergalle is moderately wounded.
The spectral orc warrior barely misses you.
The spectral orc knight closely misses you.
Nergalle falters for a moment.
You hit Nergalle but do no damage.
Nergalle is moderately wounded.
The spectral orc is distracted by your dazzling golden aura.
The spectral orc knight hits you from afar with a +0 bardiche!
You feel drained. Nergalle hits you with a +0 dagger.
You slice Nergalle!!
Nergalle is severely wounded.
The spectral orc is no longer distracted by gold.
The spectral orc warrior hits you from afar with a +0 halberd.
You feel drained.
The spectral orc knight is distracted by your dazzling golden aura.
The warg is distracted by your dazzling golden aura.
Nergalle hits you with a +0 dagger.
The warg howls!
You barely miss Nergalle. You bite Nergalle.
Nergalle's magic leaks into the air.
You drain her magic.
You feel invigorated.
Nergalle is severely wounded.
The spectral orc warrior hits you from afar with a +0 halberd.
You feel drained. Nergalle hits you with a +0 dagger.
You slash Nergalle!
Nergalle is almost dead.
The warg is no longer distracted by gold.
The spectral orc warrior hits you from afar with a +0 halberd.
The warg misses you. Nergalle hits you but does no damage.
You barely miss Nergalle. You bite Nergalle.
Nergalle's magic leaks into the air.
You drain her magic.
You feel invigorated.
Nergalle is almost dead.
The spectral orc knight is no longer distracted by gold.
The warg bites you.
The spectral orc warrior barely misses you.
The spectral orc knight hits you from afar with a +0 bardiche!!
You feel drained.
* * * LOW HITPOINT WARNING * * *
The warg barely misses you.
Nergalle mutters something.
Nergalle hits you with a +0 dagger.
* * * LOW HITPOINT WARNING * * *
Unknown command.
Your hands revert to their normal proportions.
Your +0 pair of gloves unmelds from your body.
The spectral orc warrior misses you.
The spectral orc knight hits you from afar with a +0 bardiche!!
You die...
Your body crumbles into a pile of gold.

.....# #.#......
.....#
####.###....
.....#
#.........∩.
.....#
#.###..#....
.....# #.#
##...... .T...#
#####.# #######
###### #.....#
...######Z######
.....Zo@hZ......#
....#####Z#####.#
# ###


You could see Nergalle (magic disrupted), a spectral orc (summoned), a spectral
orc warrior (summoned), 2 spectral orc knights and a warg.

Vanquished Creatures
  Gastronok (D:9)
  Josephine (D:11)
  Erolcha (D:9)
  Erica (D:9)
  A two-headed ogre (Bailey)
  A boulder beetle (D:11)
  An ugly thing (D:9)
  A komodo dragon (D:11)
  2 trolls
  Sigmund (D:6)
  8 spriggans (Bailey)
  A vampire (D:10)
  5 wraiths
  A wyvern (D:8)
  14 yaks
  A water moccasin (D:6)
  2 wargs (D:11)
  2 acid dragons
  3 black bears (D:7)
  2 orc warriors (D:8)
  5 ogres
  3 centaurs
  2 kobold brigands
  Blork the orc (D:6)
  A gnoll sergeant (D:10)
  3 bullfrogs
  5 scorpions
  3 necrophages
  5 wights (D:9)
  10 killer bees
  7 howler monkeys
  A jelly (D:7)
  A gnoll bouda (D:9)
  2 hounds (D:4)
  6 orc priests
  Ijyb (D:5)
  14 orc wizards
  5 iguanas
  19 gnolls
  13 adders
  2 shadow imps
  3 white imps
  2 ufetubi
  2 worms (D:4)
  A dart slug (D:1)
  27 orcs
  9 bats
  8 endoplasms
  12 giant cockroaches
  8 hobgoblins
  7 jackals
  11 kobolds
  11 quokkas
  13 ball pythons
  9 frilled lizards
  24 goblins
  7 rats
313 creatures vanquished.

Vanquished Creatures (others)
  2 plants (D:11)
2 creatures vanquished.

Grand Total: 315 creatures vanquished

Notes
Turn   | Place    | Note
-------+----------+-------------------------------------------
     0 | D:1      | Flugkiller the Vine Stalker Air Elementalist began the
                  | quest for the Orb.
     0 | D:1      | Reached XP level 1. HP: 9/9 MP: 4/4
   250 | D:1      | Reached XP level 2. HP: 12/13 MP: 3/6
   742 | D:1      | Reached XP level 3. HP: 16/16 MP: 3/7
   781 | D:1      | Learned a level 2 spell: Static Discharge
   785 | D:1      | Learned a level 3 spell: Swiftness
  1513 | D:1      | Gained mutation: Your natural rate of healing is unusually
                  | fast. [Vine Stalker growth]
  1513 | D:1      | Reached XP level 4. HP: 14/21 MP: 2/9
  1658 | D:2      | Reached skill level 1 in Fighting
  1928 | D:2      | Reached XP level 5. HP: 25/25 MP: 2/11
  2834 | D:3      | Found a sparkling altar of Nemelex Xobeh.
  2835 | D:3      | Found an opulent altar of Gozag.
  2847 | D:3      | Became a worshipper of Gozag Ym Sagoz the Greedy
  3167 | D:4      | Noticed an ogre
  3227 | D:4      | Reached XP level 6. HP: 30/30 MP: 2/13
  3306 | D:4      | Reached skill level 5 in Air Magic
  3369 | D:4      | Found a burning altar of Makhleb.
  3407 | D:4      | Reached skill level 5 in Spellcasting
  3464 | D:4      | Learned a level 4 spell: Airstrike
  3573 | D:4      | Found a glowing drain.
  3582 | Sewer    | Entered a sewer
  4118 | Sewer    | Reached XP level 7. HP: 25/33 MP: 7/15
  5334 | D:4      | Gained mutation: You have razor-sharp teeth. [Vine Stalker
                  | growth]
  5334 | D:4      | Reached XP level 8. HP: 40/40 MP: 8/18
  5619 | D:5      | Entered Level 5 of the Dungeon
  5726 | D:5      | Found a staircase to the Ecumenical Temple.
  5764 | D:5      | Found a bloodstained altar of Trog.
  5901 | D:5      | Noticed Ijyb
  5955 | D:5      | Killed Ijyb
  6098 | D:5      | Found a blossoming altar of Fedhas.
  7446 | D:6      | Noticed Blork the orc
  7448 | D:6      | Killed Blork the orc
  7449 | D:6      | Reached XP level 9. HP: 42/45 MP: 10/20
  7556 | D:6      | Found a shimmering blue altar of Sif Muna.
  8000 | D:6      | Noticed Sigmund
  8006 | D:6      | Killed Sigmund
  8352 | D:7      | Found a glowing golden altar of the Shining One.
  8369 | D:7      | Found a sacrificial altar of Ru.
  8472 | D:7      | Reached skill level 1 in Short Blades
  9309 | D:8      | Found a shimmering altar of Xom.
  9324 | D:8      | Found Virahuv's Changing Room.
  9342 | D:8      | Bought a book of Transfigurations for 560 gold pieces
  9986 | D:8      | Identified the amulet of Nawav {+Inv rPois rF- Regen+}
 10074 | D:8      | You fall into a shaft and drop 2 floors!
 10074 | D:10     | Entered Level 10 of the Dungeon
 10100 | D:9      | Noticed Erica
 10114 | D:9      | Killed Erica
 10115 | D:9      | Reached skill level 5 in Conjurations
 10115 | D:9      | Reached skill level 2 in Transmutations
 10115 | D:9      | Reached XP level 10. HP: 25/49 MP: 3/21
 10197 | D:9      | Reached skill level 3 in Transmutations
 10277 | D:9      | Noticed Gastronok
 10343 | D:9      | Found a flagged portal.
 10349 | Bailey   | Entered a bailey
 10473 | Bailey   | Reached skill level 4 in Transmutations
 10484 | Bailey   | Learned a level 5 spell: Irradiate
 10724 | Bailey   | Reached skill level 5 in Transmutations
 10977 | Bailey   | Noticed a two-headed ogre
 11014 | Bailey   | Killed a two-headed ogre
 11015 | Bailey   | Reached skill level 6 in Transmutations
 11292 | D:9      | Reached XP level 11. HP: 28/53 MP: 18/22
 11306 | D:9      | Reached skill level 7 in Transmutations
 11433 | D:9      | Noticed a cyan ugly thing
 11581 | D:9      | Killed a red ugly thing
 11582 | D:9      | Reached skill level 8 in Transmutations
 11723 | D:9      | Noticed Erolcha
 11731 | D:9      | Killed Erolcha
 11989 | D:9      | Killed Gastronok
 12378 | D:9      | Found a broken altar of Ashenzari.
 12382 | D:9      | Saw a vision of the Swamp and the Spider Nest.
 12382 | D:9      | Noticed a goliath frog
 12382 | D:9      | Noticed a six-headed hydra
 12382 | D:9      | Noticed a ghost crab
 12382 | D:9      | Noticed an entropy weaver
 12382 | D:9      | Noticed a steelbarb worm
 12382 | D:9      | Noticed a death scarab
 12383 | D:9      | Noticed a will-o-the-wisp
 12383 | D:9      | Noticed a will-o-the-wisp
 12384 | D:9      | Noticed a bog body
 12655 | D:9      | Learned a level 5 spell: Blade Hands
 12706 | D:8      | Reached skill level 9 in Transmutations
 13083 | D:10     | Found Biriuklu's General Store.
 13092 | D:10     | Bought a scroll of fog for 60 gold pieces
 13636 | D:10     | Found a basalt altar of Yredelemnul.
 14052 | D:11     | Noticed Josephine
 14115 | D:10     | Reached skill level 1 in Unarmed Combat
 14281 | D:11     | Killed Josephine
 14282 | D:11     | Reached XP level 12. HP: 47/59 MP: 11/25
 14385 | D:11     | Noticed a boulder beetle
 14385 | D:11     | Found a viscous altar of Jiyva.
 14419 | D:11     | Reached skill level 5 in Fighting
 14554 | D:11     | Killed a boulder beetle
 14652 | D:11     | Found Bmaicox's Bounteous Boutique.
 14661 | D:11     | Bought a potion of berserk rage for 65 gold pieces
 14678 | D:11     | Noticed Nergalle
 14732 | D:11     | Reached skill level 10 in Transmutations
 14801 | D:11     | Slain by a spectral orc knight

Illustrated notes

Levels and vault maps discovered:
D:1:      amcnicky_arrival_single_pillar, layout_loops_ring
D:2:      cheibrodos_greedy_goblins, layout_rooms, minmay_strange_pillars,
          minmay_bisected
D:3:      layout_basic, grunt_temple_overflow_opulence
D:4:      layout_gridville, makhleb_blood_cavern_becter,
          cheibrodos_sewer_entry_bend
D:5:      layout_cave_pools, mainiacjoe_overflow_tiny_flanked,
          fedhas_bush_and_centaur_altar, temple_statues, uniq_ijyb
D:6:      layout_layer_cave, tgw_sif, uniq_sigmund
D:7:      layout_gridville, tso_metal_star, nicolae_ru_the_path_less_chosen
D:8:      minmay_skewed_foursquare, layout_rooms, lemuel_tele_altar,
          hangedman_decor_peaks_small, grunt_decor_resistance,
          minmay_misc_feat_pillars, nicolae_transmutations_shop
D:9:      layout_basic, grunt_ashenzari_visionary
          [grunt_ashenzari_visionary_swamp, grunt_ashenzari_visionary_spider],
          enter_bailey_3, uniq_erica, uniq_gastronok, uniq_erolcha
D:10:     layout_roguey, mainiacjoe_overflow_24_doors, serial_shops,
          nicolae_shop_waterfront, nrook_uturn
D:11:     lemuel_troll_bridge, layout_basic, erik_lair_orcish_takeover,
          nicolae_alphabet_shops, hangedman_abyss_or_decor_passed,
          jiyva_altar_1, uniq_nergalle, uniq_josephine

Skill      XL: |  1  2  3  4  5  6  7  8  9 10 11 12 |
---------------+-------------------------------------+-----
Conjurations   | 2 5 8 |  8.0
Spellcasting   | 3 4 5 6 7 8 9 |  9.0
Air Magic      | 4 5 6 8 |  8.0
Fighting       | 1 3 4 5 |  5.4
Dodging        | 4 |  4.0
Short Blades   | 4 |  4.0
Transmutations | 2 6 9 10 | 10.0
Unarmed Combat | 2 3 |  3.3
Stealth        | |  2.4

Action                     |  1- 3 |  4- 6 |  7- 9 | 10-12 || total
---------------------------+-------+-------+-------+-------++-------
  Melee: Short sword       |    16 |       |       |       ||    16
         Bite              |     4 |     5 |    12 |   122 ||   143
         Whip              |     1 |    25 |     6 |       ||    32
         Unarmed           |       |       |    12 |    65 ||    77
         Dagger            |       |       |    28 |   206 ||   234
         Punch             |       |       |       |     8 ||     8
  Throw: Dart              |       |       |       |     2 ||     2
   Cast: Shock             |    68 |   177 |   162 |    80 ||   487
         Static Discharge  |       |    12 |    13 |    13 ||    38
         Airstrike         |       |       |    56 |    48 ||   104
         Irradiate         |       |       |       |    18 ||    18
         Blade Hands       |       |       |       |     9 ||     9
         Swiftness         |       |       |       |     1 ||     1
Ability: End Transformatio |       |       |       |     2 ||     2
  Evoke: Wand              |       |       |     2 |     4 ||     6
    Use: Scroll            |     3 |     4 |     6 |     5 ||    18
         Potion            |     1 |       |     1 |     2 ||     4
   Stab: Sleeping          |       |     1 |     1 |       ||     2
 Armour: Robe              |     7 |     6 |     8 |    68 ||    89
         Skin              |       |       |     2 |       ||     2
  Dodge: Dodged            |    23 |    47 |    53 |   152 ||   275

Table legend: (Time is in decaauts)
 A = Elapsed time spent in this place.
 B = Non-inter-level travel time spent in this place.
 C = Inter-level travel time spent in this place.
 D = Time resting spent in this place.
 E = Time spent auto-exploring this place.
 F = Levels seen in this place.
 G = Mean time per level.
                   A        B        C        D        E       F      G
               +--------+--------+--------+--------+--------+-----+--------+
         Total |  14902 |  14284 |    618 |   4764 |   6362 |  13 | 1146.3 |
       Dungeon |  13121 |  12503 |    618 |   3719 |   6060 |  11 | 1192.8 |
         Sewer |    858 |    858 |      0 |    490 |    174 |   1 |  858.0 |
        Bailey |    922 |    922 |      0 |    555 |    127 |   1 |  922.0 |
               +--------+--------+--------+--------+--------+-----+--------+

Top non-repeatable levels by time:
     D:6: 2065 daAuts
     D:9: 1775 daAuts
     D:4: 1662 daAuts
     D:1: 1594 daAuts
    D:10: 1252 daAuts
     D:8: 1190 daAuts
     D:2: 1078 daAuts
  Bailey: 922 daAuts
     D:7: 914 daAuts
   Sewer: 858 daAuts
     D:5: 604 daAuts
     D:3: 536 daAuts
    D:11: 447 daAuts
